 Dungeon Crawl Stone Soup version 0.30-a0-782-ge64f9170bb (webtiles) character file.

Game seed: 16283778769695894523

20 Leeroy the Slasher (level 3, 29/29 HPs)
             Began as a Formicid Monk on Feb 27, 2023.
             Got out of the dungeon alive.
             The game lasted 00:02:58 (426 turns).

Leeroy the Slasher (Formicid Monk)                   Turns: 426, Time: 00:02:58

Health: 29/29      AC:  2    Str: 15    XL:     3   Next: 0%
Magic:  3/3        EV: 13    Int:  9    God:
Gold:   16         SH:  0    Dex: 18    Spells: 2/2 levels left

rFire   . . .      SeeInvis +    a - +0 falchion
rCold   . . .      Faith    .    (no shield)
rNeg    . . .      Spirit   .    b - +0 robe
rPois   .          Reflect  .    (helmet unavailable)
rElec   .          Harm     .    (no cloak)
rCorr   .          Rampage  .    (no gloves)
Will    .....                    (no boots)
Stlth   ++                       (no amulet)
HPRegen 0.24/turn                (no ring)
MPRegen 0.08/turn                (no ring)

@: no status effects
A: permanent stasis, dig shafts and tunnels, antennae 3, four strong arms
a: Dig, Shaft Self


You escaped.
You visited 1 branch of the dungeon, and saw 1 of its levels.

You collected 16 gold pieces.

Inventory:

Hand Weapons
 a - a +0 falchion (weapon)
Armour
 b - a +0 robe (worn)
Scrolls
 d - 3 scrolls of identify {unknown}
 e - a scroll of poison {unknown}
Potions
 c - a potion of ambrosia


   Skills:
 - Level 3.2 Fighting
 + Level 4.0 Long Blades
 - Level 2.6 Dodging
 - Level 2.4 Stealth


You had 2 spell levels left.
You didn't know any spells.
Your spell library was empty.

Dungeon Overview and Level Annotations

Branches:
Dungeon (1/15)

Altars:


Innate Abilities, Weirdness & Mutations

You cannot be hasted, slowed, berserked, paralysed or teleported.
You can dig through walls and to a lower floor.
You have a pair of large antennae on your head. (SInv)
Your four strong arms can wield two-handed weapons with a shield.


Message History

You hit the ball python.
You kill the ball python!
The endoplasm completely misses you.
You hit the endoplasm.
The endoplasm is severely wounded.
The endoplasm barely misses you.
You hit the endoplasm but do no damage.
The endoplasm is severely wounded.
The endoplasm misses you.
You hit the endoplasm but do no damage.
The endoplasm is severely wounded.
The endoplasm freezes you.
You are frozen.
You slash the endoplasm!
You kill the endoplasm!
Your Long Blades skill increases to level 4!
You have reached level 3!
Your experience leads to an increase in your attributes!
Increase (S)trength, (I)ntelligence, or (D)exterity?
You feel agile. x2
Your movement speed is average.
Your attack delay is about 1.1.
Your damage rating with your +0 falchion is about 10 (Base 8 x 120% (Dex) x 113% (Skill)).
You see here a bat corpse.
You now have 16 gold pieces (gained 11).
You see here a hobgoblin corpse.
e - a scroll labelled FAOLOSM DUMOI Char dumped successfully.
Are you sure you want to abandon this character and quit the game? (Confirm with "yes".)
Okay, then.
Welcome back, Leeroy the Formicid Monk.
Press ? for a list of commands and other information.
You see here a bat corpse.
You see here a ball python corpse.
There is an open gate here.
There is an open door here.
There is an open door here.
There is an open door here.
There is a staircase leading out of the dungeon here.
Are you sure you want to leave the Dungeon?
This will make you lose the game!
You have escaped!

#............##.............
#.......####.#..............
#.......# #................
#.......# ##.###.......÷÷...
#.......###..###...........>
#...#......................#
#.#.....##################..
.#####.^.....#.....#...~~~~...##.
.#.#.........#..@..#..........##.
.............#.....#....~~....#8.
.............#'#####..........'..
....#........#.#♣♣.'..........'..
#.#.#........#.#♣.♣#..........'..
.............#.#♣.♣#....§≈....#8.
.............#.'.♣♣#..........###
####.#....>..#♣#♣♣ #...≈≈§≈...#
..#..##......##################


There were no monsters in sight!

Vanquished Creatures
  A dart slug (D:1)
  An endoplasm (D:1)
  2 goblins (D:1)
  3 hobgoblins (D:1)
  2 quokkas (D:1)
  3 ball pythons (D:1)
  2 bats (D:1)
  A frilled lizard (D:1)
  3 rats (D:1)
18 creatures vanquished.

Notes
Turn   | Place    | Note
-------+----------+-------------------------------------------
     0 | D:1      | Leeroy the Formicid Monk began the quest for the Orb.
     0 | D:1      | Reached XP level 1. HP: 18/18 MP: 1/1
   147 | D:1      | Reached XP level 2. HP: 15/24 MP: 2/2
   294 | D:1      | Reached skill level 4 in Long Blades
   294 | D:1      | Reached XP level 3. HP: 16/29 MP: 3/3
   426 | D:$      | Got out of the dungeon alive.

Illustrated notes

Levels and vault maps discovered:
D:1:      scummos_arrival_gate, layout_rooms, minmay_pentomino_o4

Skill      XL: |  1  2 |
---------------+-------+-----
Long Blades    | 4 |  4.0
Fighting       | |  3.2
Dodging        | |  2.6
Stealth        | |  2.4

Action                     || total
---------------------------++-------
  Melee: Falchion          ||    56
 Armour: Robe              ||     6
  Dodge: Dodged            ||    39

Table legend: (Time is in decaauts)
 A = Elapsed time spent in this place.
 B = Non-inter-level travel time spent in this place.
 C = Inter-level travel time spent in this place.
 D = Time resting spent in this place.
 E = Time spent auto-exploring this place.
 F = Levels seen in this place.
 G = Mean time per level.
                   A        B        C        D        E       F      G
               +--------+--------+--------+--------+--------+-----+--------+
         Total |    433 |    363 |     70 |      0 |    253 |   1 |  433.0 |
       Dungeon |    433 |    363 |     70 |      0 |    253 |   1 |  433.0 |
               +--------+--------+--------+--------+--------+-----+--------+

Top non-repeatable levels by time:
     D:1: 433 daAuts
